MLB
BOSTON RED SOX @ TORONTO BLUE JAYS
05/26/2098
 
TOP OF THE 1ST
Boston Red Sox batting - Pitching for Toronto Blue Jays : LHP Gary Brooks
Pitching: LHP Gary Brooks
Batting: LHB Tyler Brown 0-0: Ball
1-0: Fly out, F7 (Line Drive, 7LS, EV 100.0 MPH)
Batting: SHB Tyler Den Hartog 0-0: Called Strike
0-1: Foul Ball, location: 5F
0-2: Fly out, F9 (Flyball, 89S, EV 85.0 MPH)
Batting: RHB Zane Wilder 0-0: Called Strike
0-1: Ball
1-1: Ball
2-1: Fly out, F7 (Flyball, 7S, EV 93.8 MPH)
Top of the 1st over - 0 runs, 0 hits, 0 errors, 0 left on base; Boston 0 - Toronto 0
BOTTOM OF THE 1ST
Toronto Blue Jays batting - Pitching for Boston Red Sox : RHP Phil Ashworth
Pitching: RHP Phil Ashworth
Batting: LHB Collin Coleman 0-0: Ball
1-0: SINGLE (Groundball, 6, EV 85.0 MPH) (infield hit)
Batting: SHB Dennis Desper 0-0: Fielders Choice at 2nd, 4-6 (Groundball, 34, EV 80.6 MPH)
Batting: LHB John Slaff 0-0: Ball
1-0: Called Strike
1-1: Called Strike
1-2: Fly out, F8 (Flyball, 78D, EV 106.3 MPH)
Batting: LHB Ramon Anguiano 0-0: SINGLE (Line Drive, 6D, EV 103.1 MPH)
Dennis Desper to second
Batting: RHB Justin Dupree 0-0: Foul Ball, location: 2F
0-1: Foul Ball, location: 3FF
0-2: Foul Ball, location: 25FF
0-2: Strikes out swinging
Bottom of the 1st over - 0 runs, 2 hits, 0 errors, 2 left on base; Boston 0 - Toronto 0
TOP OF THE 2ND
Boston Red Sox batting - Pitching for Toronto Blue Jays : LHP Gary Brooks
Batting: RHB Joe Fowler 0-0: Ball
1-0: Called Strike
1-1: Swinging Strike
1-2: Ball
2-2: Ball
3-2: Fly out, F4 (Popup, 34D, EV 50.0 MPH)
Batting: SHB Alex Salazar 0-0: Swinging Strike
0-1: Ball
1-1: Foul Ball, location: 9LDF
1-2: Strikes out swinging
Batting: LHB Chris Kautz 0-0: Swinging Strike
0-1: Foul Ball, location: 2F
0-2: Ball
1-2: Strikes out looking
Top of the 2nd over - 0 runs, 0 hits, 0 errors, 0 left on base; Boston 0 - Toronto 0
BOTTOM OF THE 2ND
Toronto Blue Jays batting - Pitching for Boston Red Sox : RHP Phil Ashworth
Batting: SHB Matt Gordon 0-0: Bunt missed!
0-1: SINGLE (Line Drive, 8RS, EV 94.4 MPH)
Batting: RHB Brian Jones 0-0: Bunted foul
0-1: Bunted foul
0-2: Ball
1-2: Foul Ball, location: 2F
1-2: Strikes out looking
Batting: SHB Mark Spalding 0-0: Ball
Matt Gordon steals 2nd base
1-0: Called Strike
1-1: Ball
2-1: Ball
3-1: Swinging Strike
3-2: Foul Ball, location: 2F
3-2: Base on Balls
Batting: SHB Alex Carrillo 0-0: Ball
1-0: Foul Ball, location: 7LSFF
1-1: Foul Ball, location: 7LSF
1-2: Ball
2-2: Foul Ball, location: 2F
2-2: Strikes out swinging
Batting: LHB Collin Coleman 0-0: Called Strike
0-1: Foul Ball, location: 3DF
0-2: Foul Ball, location: 3FF
0-2: Ball
1-2: Ball
2-2: Ground out U3 (Groundball, 3, EV 85.6 MPH)
Bottom of the 2nd over - 0 runs, 1 hit, 0 errors, 2 left on base; Boston 0 - Toronto 0
TOP OF THE 3RD
Boston Red Sox batting - Pitching for Toronto Blue Jays : LHP Gary Brooks
Pitching: RHP Blake Dickerson
Batting: RHB Matt Knoles 0-0: Fly out, F8 (Flyball, 89M, EV 97.5 MPH)
Batting: LHB Bob Stuhr 0-0: Ball
1-0: Called Strike
1-1: Foul Ball, location: 25FF
1-2: Strikes out swinging
Batting: LHB Justin Scappaticci 0-0: Ball
1-0: Ball
2-0: Fly out, F5 (Popup, 25F, EV 90.0 MPH)
Top of the 3rd over - 0 runs, 0 hits, 0 errors, 0 left on base; Boston 0 - Toronto 0
BOTTOM OF THE 3RD
Toronto Blue Jays batting - Pitching for Boston Red Sox : RHP Phil Ashworth
Batting: SHB Dennis Desper 0-0: Called Strike
0-1: Ball
1-1: Ball
2-1: Ground out 1-3 (Groundball, 34S, EV 71.9 MPH)
Batting: LHB John Slaff 0-0: Called Strike
0-1: Ball
1-1: Foul Ball, location: 2F
1-2: Ground out 5-3 (Groundball, 5, EV 76.9 MPH)
Batting: LHB Ramon Anguiano 0-0: Called Strike
0-1: Ball
1-1: Called Strike
1-2: Foul Ball, location: 23F
1-2: Ball
2-2: Foul Ball, location: 3DF
2-2: Strikes out swinging
Bottom of the 3rd over - 0 runs, 0 hits, 0 errors, 0 left on base; Boston 0 - Toronto 0
TOP OF THE 4TH
Boston Red Sox batting - Pitching for Toronto Blue Jays : RHP Blake Dickerson
Batting: LHB Tyler Brown 0-0: Ball
1-0: Swinging Strike
1-1: Ball
2-1: Foul Ball, location: 7LDF
2-2: SINGLE (Groundball, 4, EV 93.1 MPH) (infield hit)
Batting: SHB Tyler Den Hartog 0-0: Called Strike
0-1: Swinging Strike
0-2: Ball
1-2: Ball
2-2: Foul Ball, location: 2LF
2-2: Fly out, F9 (Flyball, 9, EV 100.0 MPH)
Batting: RHB Zane Wilder 0-0: Ball
1-0: Swinging Strike
1-1: Ball
2-1: Reached on error, E5 (Groundball, 56, EV 90.6 MPH)
Tyler Brown to second
Batting: RHB Joe Fowler 0-0: Called Strike
0-1: Foul Ball, location: 2F
0-2: Fly out, F9 (Line Drive, 9, EV 93.1 MPH)
Batting: SHB Alex Salazar 0-0: Called Strike
0-1: Ball
1-1: Fly out, F6 (Popup, 6M, EV 56.3 MPH)
Top of the 4th over - 0 runs, 1 hit, 1 error, 2 left on base; Boston 0 - Toronto 0
BOTTOM OF THE 4TH
Toronto Blue Jays batting - Pitching for Boston Red Sox : RHP Phil Ashworth
Batting: RHB Justin Dupree 0-0: Called Strike
0-1: Foul Ball, location: 23FF
0-2: Strikes out looking
Batting: SHB Matt Gordon 0-0: Foul Ball, location: 5F
0-1: Swinging Strike
0-2: Ground out 1-3 (Groundball, 23, EV 61.9 MPH)
Batting: RHB Brian Jones 0-0: Ground out 6-3 (Groundball, 6, EV 103.8 MPH)
Bottom of the 4th over - 0 runs, 0 hits, 0 errors, 0 left on base; Boston 0 - Toronto 0
TOP OF THE 5TH
Boston Red Sox batting - Pitching for Toronto Blue Jays : RHP Blake Dickerson
Pitching: RHP Victor Urueta
Batting: LHB Chris Kautz 0-0: Called Strike
0-1: SOLO HOME RUN (Flyball, 89XD, EV 108.1 MPH), Distance : 405 ft
Batting: RHB Matt Knoles 0-0: Ball
1-0: Fly out, F7 (Flyball, 7D, EV 95.0 MPH)
Batting: LHB Bob Stuhr 0-0: Ball
1-0: Ball
2-0: Ball
3-0: Base on Balls
Batting: LHB Justin Scappaticci 0-0: Called Strike
0-1: Ball
1-1: Ball
2-1: Foul Ball, location: 3F
2-2: Ball
3-2: Strikes out swinging
Batting: LHB Tyler Brown 0-0: Called Strike
0-1: Ball
1-1: Fly out, F7 (Flyball, 7D, EV 107.5 MPH)
Top of the 5th over - 1 run, 1 hit, 0 errors, 1 left on base; Boston 1 - Toronto 0
BOTTOM OF THE 5TH
Toronto Blue Jays batting - Pitching for Boston Red Sox : RHP Phil Ashworth
Batting: SHB Mark Spalding 0-0: Ball
1-0: Foul Ball, location: 2F
1-1: Foul Ball, location: 9LSFF
1-2: Foul Ball, location: 2F
1-2: Ground out 6-3 (Groundball, 6, EV 83.1 MPH)
Batting: SHB Alex Carrillo 0-0: Ground out 1-3 (Groundball, 34S, EV 68.8 MPH)
Batting: LHB Collin Coleman 0-0: Ball
1-0: Foul Ball, location: 2F
1-1: Foul Ball, location: 5DF
1-2: Foul Ball, location: 5F
1-2: Strikes out looking
Bottom of the 5th over - 0 runs, 0 hits, 0 errors, 0 left on base; Boston 1 - Toronto 0
TOP OF THE 6TH
Boston Red Sox batting - Pitching for Toronto Blue Jays : RHP Victor Urueta
Batting: SHB Tyler Den Hartog 0-0: Called Strike
0-1: Called Strike
0-2: Foul Ball, location: 3F
0-2: Strikes out looking
Batting: RHB Zane Wilder 0-0: Called Strike
0-1: Ball
1-1: Foul Ball, location: 2F
1-2: Strikes out swinging
Batting: RHB Joe Fowler 0-0: Ball
1-0: Ball
2-0: Ball
3-0: Base on Balls
Pitching: RHP Ivan Juarez
Batting: SHB Alex Salazar 0-0: Foul Ball, location: 5F
0-1: Foul Ball, location: 5F
0-2: Ball
1-2: Foul Ball, location: 25F
1-2: Foul Ball, location: 25FF
1-2: SINGLE (Groundball, 56D, EV 107.5 MPH)
Joe Fowler to second
Batting: LHB Chris Kautz 0-0: Ball
1-0: Foul Ball, location: 2LF
1-1: Ball
2-1: Called Strike
2-2: Ground out U3 (Groundball, 3, EV 88.8 MPH)
Top of the 6th over - 0 runs, 1 hit, 0 errors, 2 left on base; Boston 1 - Toronto 0
BOTTOM OF THE 6TH
Toronto Blue Jays batting - Pitching for Boston Red Sox : RHP Phil Ashworth
Batting: SHB Dennis Desper 0-0: Called Strike
0-1: Ground out U3 (Groundball, 3, EV 105.6 MPH)
Batting: LHB John Slaff 0-0: Called Strike
0-1: Fly out, F6 (Popup, 6, EV 71.3 MPH)
Batting: LHB Ramon Anguiano 0-0: Ball
1-0: SINGLE (Groundball, 34D, EV 104.4 MPH)
Batting: RHB Justin Dupree 0-0: Called Strike
0-1: Ground out 1-3 (Groundball, 15S, EV 74.4 MPH)
Bottom of the 6th over - 0 runs, 1 hit, 0 errors, 1 left on base; Boston 1 - Toronto 0
TOP OF THE 7TH
Boston Red Sox batting - Pitching for Toronto Blue Jays : RHP Ivan Juarez
Pitching: RHP Wilfredo Moreno
Batting: RHB Matt Knoles 0-0: Ball
1-0: Called Strike
1-1: Called Strike
1-2: Ball
2-2: Strikes out looking
Batting: LHB Bob Stuhr 0-0: Ball
1-0: Ball
2-0: Called Strike
2-1: Swinging Strike
2-2: Strikes out swinging
Batting: LHB Justin Scappaticci 0-0: Ball
1-0: Called Strike
1-1: Foul Ball, location: 2F
1-2: Strikes out swinging
Top of the 7th over - 0 runs, 0 hits, 0 errors, 0 left on base; Boston 1 - Toronto 0
BOTTOM OF THE 7TH
Toronto Blue Jays batting - Pitching for Boston Red Sox : RHP Phil Ashworth
Batting: SHB Matt Gordon 0-0: Ball
1-0: Foul Ball, location: 5F
1-1: Ball
2-1: Ball
3-1: Base on Balls
Batting: RHB Brian Jones 0-0: Bunted foul
0-1: Sac Bunt to P - play at first, batter OUT! 1-3
Matt Gordon to second
Batting: SHB Mark Spalding 0-0: Called Strike
0-1: Swinging Strike
0-2: Ball
1-2: Ball
2-2: Ball
3-2: Foul Ball, location: 5DF
3-2: SINGLE (Groundball, 6MD, EV 103.8 MPH)
Matt Gordon to third
Runner from 3rd tries for Home, SAFE, throw by CF to home
Pitching: RHP Eric Rendleman
Batting: SHB Alex Carrillo 0-0: Called Strike
0-1: Called Strike
0-2: Strikes out swinging
Batting: LHB Collin Coleman 0-0: Swinging Strike
0-1: Fielders Choice at 2nd, 6-4 (Groundball, 6, EV 106.9 MPH)
Bottom of the 7th over - 1 run, 1 hit, 0 errors, 1 left on base; Boston 1 - Toronto 1
TOP OF THE 8TH
Boston Red Sox batting - Pitching for Toronto Blue Jays : RHP Wilfredo Moreno
Batting: LHB Tyler Brown 0-0: Called Strike
0-1: Ball
1-1: Fly out, F5 (Popup, 25F, EV 80.0 MPH)
Batting: SHB Tyler Den Hartog 0-0: Foul Ball, location: 25F
0-1: Foul Ball, location: 3FF
0-2: Strikes out swinging
Batting: LHB Michael Lindstrom 0-0: Called Strike
0-1: Ball
1-1: Called Strike
1-2: Strikes out swinging
Top of the 8th over - 0 runs, 0 hits, 0 errors, 0 left on base; Boston 1 - Toronto 1
BOTTOM OF THE 8TH
Toronto Blue Jays batting - Pitching for Boston Red Sox : RHP Eric Rendleman
Batting: SHB Dennis Desper 0-0: Called Strike
0-1: Called Strike
0-2: Ball
1-2: Ball
2-2: Ball
3-2: Strikes out swinging
Batting: LHB John Slaff 0-0: Ball
1-0: Ball
2-0: Foul Ball, location: 7LDF
2-1: Ball
3-1: Called Strike
3-2: Strikes out swinging
Batting: LHB Ramon Anguiano 0-0: Ball
1-0: Swinging Strike
1-1: Called Strike
1-2: Strikes out swinging
Bottom of the 8th over - 0 runs, 0 hits, 0 errors, 0 left on base; Boston 1 - Toronto 1
TOP OF THE 9TH
Boston Red Sox batting - Pitching for Toronto Blue Jays : RHP Wilfredo Moreno
Batting: RHB Joe Fowler 0-0: Foul Ball, location: 7LDF
0-1: Called Strike
0-2: Ball
1-2: Ball
2-2: Fly out, F3 (Popup, 3, EV 65.6 MPH)
Pitching: RHP Adrian Korner
Batting: SHB Alex Salazar 0-0: Ball
1-0: Called Strike
1-1: Foul Ball, location: 23F
1-2: Strikes out swinging
Batting: LHB Chris Kautz 0-0: SINGLE (Line Drive, 9LS, EV 89.4 MPH)
Pinch Hitting: LHB Sergio Mejia 0-0: Ball
1-0: Ball
2-0: DOUBLE (Flyball, 8RXD, EV 96.3 MPH)
Chris Kautz to third
Batting: LHB Bob Stuhr 0-0: Intentional Walk
Batting: LHB Justin Scappaticci 0-0: Swinging Strike
0-1: Ball
1-1: Ball
2-1: Foul Ball, location: 5F
2-2: Ground out 3-1 (Groundball, 34, EV 94.4 MPH)
Top of the 9th over - 0 runs, 2 hits, 0 errors, 3 left on base; Boston 1 - Toronto 1
BOTTOM OF THE 9TH
Toronto Blue Jays batting - Pitching for Boston Red Sox : RHP Eric Rendleman
Now at C: Sergio Mejia
Batting: RHB Justin Dupree 0-0: Swinging Strike
0-1: Ball
1-1: Foul Ball, location: 7LMF
1-2: Foul Ball, location: 2F
1-2: Strikes out looking
Batting: SHB Matt Gordon 0-0: Ball
1-0: Ball
2-0: Foul Ball, location: 25F
2-1: Foul Ball, location: 5F
2-2: Ball
3-2: Strikes out swinging
Batting: RHB Brian Jones 0-0: Ball
1-0: Ground out 6-3 (Groundball, 6, EV 89.4 MPH)
Bottom of the 9th over - 0 runs, 0 hits, 0 errors, 0 left on base; Boston 1 - Toronto 1
TOP OF THE 10TH
Boston Red Sox batting - Pitching for Toronto Blue Jays : RHP Adrian Korner
Batting: LHB Tyler Brown 0-0: Called Strike
0-1: Swinging Strike
0-2: Ball
1-2: Foul Ball, location: 23F
1-2: Foul Ball, location: 7LDF
1-2: DOUBLE (Flyball, 8LXD, EV 95.0 MPH)
Batting: SHB Tyler Den Hartog 0-0: Ball
1-0: Called Strike
1-1: Ball
2-1: Ball
3-1: Swinging Strike
3-2: Fly out, F6 (Popup, 6S, EV 80.0 MPH)
Batting: LHB Michael Lindstrom 0-0: Intentional Walk
Pitching: LHP Domingo Tamayo
Batting: RHB Joe Fowler 0-0: Called Strike
0-1: Swinging Strike
0-2: Foul Ball, location: 2F
0-2: Ball
1-2: Ball
2-2: Ball
3-2: SINGLE (Line Drive, 5D, EV 100.0 MPH)
Tyler Brown to third
Michael Lindstrom to second
Runner from 3rd tries for Home, SAFE, throw by LF to home
Batting: SHB Alex Salazar 0-0: Ball
1-0: Fly out, F9 (Flyball, 89M, EV 96.9 MPH)
Batting: LHB Chris Kautz 0-0: DOUBLE (Groundball, 3L, EV 105.6 MPH)
Michael Lindstrom scores
Joe Fowler to third
Runner from 3rd tries for Home, SAFE, throw by RF to home
Batting: LHB Sergio Mejia 0-0: Called Strike
0-1: Ball
1-1: Foul Ball, location: 7LSF
1-2: Strikes out looking
Top of the 10th over - 3 runs, 3 hits, 0 errors, 1 left on base; Boston 4 - Toronto 1
BOTTOM OF THE 10TH
Toronto Blue Jays batting - Pitching for Boston Red Sox : RHP Eric Rendleman
Pitching: RHP Danny Urista
Now in CF: Marquise Woods
Now in RF: Chris Kautz
Batting: SHB Mark Spalding 0-0: Ball
1-0: Foul Ball, location: 5DF
1-1: Ball
2-1: Foul Ball, location: 2LF
2-2: Strikes out looking
Pinch Hitting: RHB Danny Daugherty 0-0: Called Strike
0-1: Ball
1-1: Called Strike
1-2: Foul Ball, location: 9LSF
1-2: Ball
2-2: Foul Ball, location: 2F
2-2: Foul Ball, location: 2F
2-2: SOLO HOME RUN (Flyball, 7D, EV 96.9 MPH), Distance : 373 ft
Batting: LHB Collin Coleman 0-0: Called Strike
0-1: Reached on error, E5 (Groundball, 56, EV 86.9 MPH)
Batting: SHB Dennis Desper 0-0: Ball
1-0: Called Strike
1-1: Ball
2-1: Foul Ball, location: 7LDF
2-2: Ball
3-2: Foul Ball, location: 9LSFF
3-2: SINGLE (Line Drive, 7S, EV 106.9 MPH)
Collin Coleman to third
Batting: LHB John Slaff 0-0: Ball
1-0: DOUBLE (Flyball, 8LXD, EV 98.8 MPH)
Collin Coleman scores
Dennis Desper to third
Runner from 3rd tries for Home, SAFE, throw by CF to home
Batting: LHB Ramon Anguiano 0-0: Intentional Walk
Batting: RHB Justin Dupree 0-0: Foul Ball, location: 2F
0-1: Ball
1-1: Foul Ball, location: 2F
1-2: Strikes out swinging
Batting: SHB Matt Gordon 0-0: Ball
1-0: Ball
2-0: Ground out 3-1 (Groundball, 34S, EV 90.6 MPH)
Bottom of the 10th over - 3 runs, 3 hits, 1 error, 2 left on base; Boston 4 - Toronto 4
TOP OF THE 11TH
Boston Red Sox batting - Pitching for Toronto Blue Jays : LHP Domingo Tamayo
Pitching: RHP Adam Lyons
Now at C: Jake Kidd
Batting: LHB Bob Stuhr 0-0: Fly out, F5 (Popup, 6S, EV 70.6 MPH)
Batting: LHB Justin Scappaticci 0-0: Called Strike
0-1: Swinging Strike
0-2: Ball
1-2: Ball
2-2: Foul Ball, location: 2F
2-2: Strikes out looking
Batting: LHB Marquise Woods 0-0: Swinging Strike
0-1: Foul Ball, location: 23F
0-2: Ball
1-2: Ball
2-2: Foul Ball, location: 5FF
2-2: DOUBLE (Line Drive, 78D, EV 105.6 MPH)
Batting: SHB Tyler Den Hartog 0-0: Ball
1-0: Ball
2-0: Fly out, F2 (Popup, 25F, EV 81.9 MPH)
Top of the 11th over - 0 runs, 1 hit, 0 errors, 1 left on base; Boston 4 - Toronto 4
BOTTOM OF THE 11TH
Toronto Blue Jays batting - Pitching for Boston Red Sox : RHP Danny Urista
Pitching: LHP William Stuck
Batting: RHB Brian Jones 0-0: Ball
1-0: Fly out, F7 (Line Drive, 7, EV 100.6 MPH)
Batting: SHB Mark Spalding 0-0: Called Strike
0-1: Ball
1-1: Ball
2-1: Swinging Strike
2-2: Reached on error, E5 (Groundball, 56S, EV 67.5 MPH)
Batting: RHB Jake Kidd 0-0: Ball
1-0: Swinging Strike
1-1: Foul Ball, location: 2F
1-2: Ball
2-2: Ball
3-2: Fly out, F8 (Line Drive, 8LD, EV 87.5 MPH)
Batting: LHB Collin Coleman 0-0: Ball
1-0: DOUBLE (Line Drive, 9LS, EV 95.0 MPH)
Mark Spalding to third
Runner from 3rd tries for Home, SAFE, throw by RF to trailing runner, SAFE at third!
Bottom of the 11th over - 1 run, 1 hit, 1 error, 1 left on base; Boston 4 - Toronto 5
Thursday, April 4th , 2024 - OOTP Baseball 24.11 Build 85